 Dungeon Crawl Stone Soup version 0.30.0-16-gbe6223bb7e (webtiles) character file.

Game seed: 4701985871754597626

88 AlmostDecent the Shooter (level 4, -1/34 HPs)
             Began as a Formicid Hunter on May 20, 2023.
             Slain by a goblin
             ... wielding a +0 club
              (3 damage)
             ... on level 3 of the Dungeon.
             The game lasted 00:05:08 (2098 turns).

AlmostDecent the Shooter (Formicid Hunter)          Turns: 2098, Time: 00:05:09

Health: -1/34      AC:  3    Str: 16    XL:     4   Next: 81%
Magic:  4/4        EV: 12    Int:  8    God:
Gold:   143        SH:  0    Dex: 19    Spells: 3/3 levels left

rFire   . . .        a - +0 shortbow
rCold   . . .        (no shield)
rNeg    . . .        c - +0 leather armour
rPois   .            (helmet unavailable)
rElec   .            (no cloak)
rCorr   .            (no gloves)
SInv    +            (no boots)
Will    .....        (no amulet)
Stlth   ++           (no ring)
HPRegen 0.25/turn    (no ring)
MPRegen 0.09/turn

%: no passive effects
@: no status effects
A: permanent stasis, dig shafts and tunnels, antennae 3, four strong arms
a: Dig, Shaft Self


You were on level 3 of the Dungeon.
You visited 1 branch of the dungeon, and saw 3 of its levels.

You collected 143 gold pieces.

Inventory:

Hand Weapons
 a - a +0 shortbow (weapon)
 e - a +0 short sword
 s - a +0 vampiric trident
Armour
 c - a +0 leather armour (worn)
 m - a +0 tower shield
Jewellery
 n - a ring of flight
Scrolls
 b - a scroll of immolation
 f - 3 scrolls of magic mapping {unknown}
 g - a scroll of fog {unknown}
 h - 4 scrolls of identify {unknown}
 i - a scroll of amnesia {unknown}
 j - a scroll of vulnerability {unknown}
 k - a scroll of brand weapon {unknown}
 l - a scroll of noise {unknown}
 q - a scroll of enchant weapon {unknown}
 r - a scroll of teleportation {unknown}
Potions
 d - 4 potions of attraction {unknown}
 o - a potion of curing {unknown}
 p - a potion of mutation {unknown}


   Skills:
 + Level 2.6 Fighting
 * Level 5.6 Ranged Weapons
 + Level 0.1 Armour
 + Level 1.8 Dodging
 + Level 1.2 Stealth


You had 3 spell levels left.
You didn't know any spells.
Your spell library contained the following spells:

 Spells                   Type           Power      Damage    Failure   Level
 Freeze                   Ice            0%         1d3       47%         1
 Cigotuvi's Dreadful Rot  Necr/Pois/Air  0%         N/A       63%         2
 Frozen Ramparts          Ice            0%         1d1       85%         3
 Hailstorm                Conj/Ice       0%         3d3       85%         3
 Ignite Poison            Fire/Tmut/Pois 0%         N/A       85%         3
 Freezing Cloud           Conj/Ice/Air   0%         6-21      100%        5


Dungeon Overview and Level Annotations

Branches:
Dungeon (3/15)

Altars:


Innate Abilities, Weirdness & Mutations

You cannot be hasted, slowed, berserked, paralysed or teleported.
You can dig through walls and to a lower floor.
You have a pair of large antennae on your head. (SInv)
Your four strong arms can wield two-handed weapons with a shield.


Message History

Natasha stares at you and mumbles some strange words.
The magic dart hits you! The goblin barely misses you.
You are too injured to fight recklessly!
You are too injured to fight recklessly!
You are too injured to fight recklessly!
You are too injured to fight recklessly!
Non-targeted abil: Dig
Press: ? - help, Q - select action, (/) - cycle Dir - look around, f - activate Look: Natasha, carrying a wand of digging (5) (almost dead)
Okay, then.
Non-targeted abil: Dig
Press: ? - help, Q - select action, (/) - cycle Dir - look around, f - activate
Okay, then.
Fire: a) +0 shortbow
Press: ? - help, Shift-Dir - straight line, f - Natasha, p - goblin
Aim: Natasha, carrying a wand of digging (5) (almost dead, 58% to hit)
You shoot an arrow. The arrow closely misses Natasha.
The arrow closely misses the cerulean imp.
The arrow barely misses the cerulean imp.
The cerulean imp completely misses you. Natasha claws you!
* * * LOW HITPOINT WARNING * * *
The goblin hits you but does no damage.
Fire: a) +0 shortbow
Press: ? - help, Shift-Dir - straight line, f/p - Natasha
Aim: Natasha, carrying a wand of digging (5) (almost dead, 58% to hit)
You shoot an arrow. The arrow closely misses Natasha.
The arrow hits the cerulean imp but does no damage.
The cerulean imp hits you from afar with a +3 spear.
* * * LOW HITPOINT WARNING * * *
Natasha closely misses you. The goblin hits you but does no damage.
Fire: a) +0 shortbow
Press: ? - help, Shift-Dir - straight line, f/p - Natasha
Aim: Natasha, carrying a wand of digging (5) (almost dead, 58% to hit)
You shoot an arrow. The arrow hits Natasha!
You kill Natasha!
Natasha screams in pain as she dies!
The cerulean imp disappears in a puff of smoke!
The cerulean imp disappears in a puff of smoke!
The goblin hits you with a +0 club.
You die...

#.# #.# #.# # #.# .#
##.##.# .....#### ..#
#..h..... ##
.....######..# ..
...>..g@†§§.######..
##
###>.#####..........#
# .................
#.####..#######.#
.........## #.#
#.#####...# #.# #...#
#.# ##...#####.#
#.(..##....####


You could see a goblin.

Vanquished Creatures
  Natasha (D:3)
  2 adders (D:2)
  2 dart slugs
  8 bats
  8 endoplasms
  2 giant cockroaches
  4 goblins
  5 hobgoblins
  4 jackals (D:1)
  3 kobolds
  6 quokkas
  3 ball pythons
  5 frilled lizards
  4 rats
57 creatures vanquished.

Notes
Turn   | Place    | Note
-------+----------+-------------------------------------------
     0 | D:1      | AlmostDecent the Formicid Hunter began the quest for the
                  | Orb.
     0 | D:1      | Reached XP level 1. HP: 16/16 MP: 1/1
    89 | D:1      | Reached XP level 2. HP: 22/22 MP: 2/2
   350 | D:1      | Reached XP level 3. HP: 28/28 MP: 3/3
  1064 | D:2      | Reached skill level 5 in Ranged Weapons
  1374 | D:2      | Reached XP level 4. HP: 29/34 MP: 4/4
  2083 | D:3      | Noticed Natasha
  2097 | D:3      | HP: 1/34 [cerulean imp/+3 spear[Natasha] (5)]
  2098 | D:3      | Killed Natasha
  2098 | D:3      | Slain by a goblin

Illustrated notes

Levels and vault maps discovered:
D:1:      shiori_arrival_maze, layout_loops_corners,
          wad_floor_pattern_untrapped, roderic_serpentine_path,
          minmay_misc_feat_five, minmay_tree_intersection, minmay_pentomino_s2
D:2:      layout_loops_corners, wander_ebering_terrifying_dragon_lair
D:3:      layout_loops_ring, portal_sewer_entry_e, hangedman_decor_push,
          uniq_natasha

Skill      XL: |  1  2  3 |
---------------+----------+-----
Ranged Weapons | 5 |  5.6
Fighting       | |  2.6
Armour         | |  0.1
Dodging        | |  1.8
Stealth        | |  1.2

Action                     |  1- 3 |  4- 6 || total
---------------------------+-------+-------++-------
   Fire: Shortbow          |   117 |    51 ||   168
 Armour: Leather armour    |    14 |     5 ||    19
  Dodge: Dodged            |    40 |    20 ||    60
